 Dungeon Crawl Stone Soup version 0.29-a0-824-gd827844252 (webtiles) character file.

Game seed: 17410591304460230616

4 coolguy69 the Trooper (level 1, -4/11 HPs)
             Began as a Vine Stalker Monk on July 10, 2022.
             Slain by a kobold
             ... wielding a +1 short sword of protection
              (5 damage)
             ... on level 1 of the Dungeon.
             The game lasted 00:00:09 (242 turns).

coolguy69 the Trooper (Vine Stalker Monk)            Turns: 242, Time: 00:00:09

Health: -4/11      AC:  2    Str: 13    XL:     1   Next: 60%
Magic:  0/2        EV: 12    Int: 10    God:
Gold:   16         SH:  0    Dex: 16    Spells: 0/0 levels left

rFire   . . .      SeeInvis .   a - +0 short sword
rCold   . . .      Faith    .   (no shield)
rNeg    . . .      Spirit   +   b - +0 robe
rPois   .          Reflect  .   (no helmet)
rElec   .          Harm     .   (no cloak)
rCorr   .          Rampage  .   (no gloves)
Will    .....                   (no boots)
Stlth   ++........              (no amulet)
HPRegen 0.03/turn               (no ring)
MPRegen 0.08/turn               (no ring)

@: no status effects
A: fangs 2, magic shield, antimagic bite, no potion heal 2
a: no special abilities


You were on level 1 of the Dungeon.
You visited 1 branch of the dungeon, and saw 1 of its levels.

You collected 16 gold pieces.

Inventory:

Hand Weapons
 a - a +0 short sword (weapon)
Armour
 b - a +0 robe (worn)
Scrolls
 d - 2 scrolls of teleportation {unknown}
Potions
 c - a potion of ambrosia
 e - a potion of curing {unknown}
 f - a potion of heal wounds {unknown}


   Skills:
 + Level 2.7 Fighting
 + Level 2.7 Short Blades
 + Level 2.5 Dodging
 + Level 2.5 Stealth


You couldn't memorise any spells.
You didn't know any spells.
Your spell library contained the following spells:

 Spells                   Type           Power      Damage    Failure   Level
 Sublimation of Blood     Necr           0%         N/A       50%         2
 Wereblood                Tmut           0%         N/A       50%         2
 Summon Hydra             Summ           0%         N/A       100%        7


Dungeon Overview and Level Annotations

Branches:
Dungeon (1/15)

Altars:


Innate Abilities, Weirdness & Mutations

You have extremely sharp teeth.
When hurt, damage is shared between your health and your magic reserves.
Your bite disrupts and absorbs the magic of your enemies.
Potions cannot restore your health.


Message History

You see here a fuming black potion.
A frilled lizard is nearby!
You closely miss the frilled lizard. You bite the frilled lizard.
You kill the frilled lizard!
No target in view!
No target in view!
No target in view!
f - a fuming black potion Key pressed, stopping explore.
No target in view!
You see here a frilled lizard corpse.
Found a faded altar of an unknown god.
No target in view! 2 kobolds come into view.
A kobold is wielding a +1 short sword of protection.
The kobold shouts!
You barely miss the kobold.
There are monsters nearby!
You hit the kobold. Your bite misses the kobold.
The kobold is moderately wounded.
The kobold closely misses you.
There are monsters nearby!
You barely miss the kobold.
The kobold is moderately wounded.
There are monsters nearby!
You closely miss the kobold. Your bite misses the kobold.
The kobold is moderately wounded.
The kobold hits you with a +0 short sword.
The kobold hits you with a +1 short sword of protection.
You hit the kobold.
You kill the kobold!
The kobold barely misses you.
You miss the kobold. You bite the kobold, but do no damage.
The kobold hits you with a +1 short sword of protection.
* * * LOW HITPOINT WARNING * * *
You are too injured to fight recklessly!
You are too injured to fight recklessly!
The kobold attacks as you move away!
The kobold hits you with a +1 short sword of protection.
You die...

###########################
#.........................#
###
#.#######################.#.#
... #.# #...†.........#.#.#
## #.# #.###########.#)#.#
#####.####
#.###########.#.#.#
.........#
#.............#.#.#
######...#
#..########.#.#.#.#
.........# #.@# #.#.#.#.#
.........# #..)K...#
#.#.....# .........#
#....8...# #.###.###
.####....# #...8.8..# #.#...#
....#....#
#..8._.8..###.#.####
..........
....8.8...........># ####..
###...8...####.######
#........ #. ##


You could see a kobold.

Vanquished Creatures
  A goblin (D:1)
  A kobold (D:1)
  A ball python (D:1)
  A frilled lizard (D:1)
4 creatures vanquished.

Notes
Turn   | Place    | Note
-------+----------+-------------------------------------------
     0 | D:1      | coolguy69 the Vine Stalker Monk began the quest for the
                  | Orb.
     0 | D:1      | Reached XP level 1. HP: 11/11 MP: 2/2
   231 | D:1      | Found a faded altar of an unknown god.
   242 | D:1      | Slain by a kobold

Illustrated notes

Levels and vault maps discovered:
D:1:      dpeg_arrival_rooms_b, layout_basic,
          chequers_ecumenical_altar_simple_redux

Action                   || total
-------------------------++-------
Melee: Short sword       ||    10
       Bite              ||     3
 Stab: Sleeping          ||     1
Armor: Robe              ||     1
Dodge: Dodged            ||     6

Table legend: (Time is in decaauts)
 A = Elapsed time spent in this place.
 B = Non-inter-level travel time spent in this place.
 C = Inter-level travel time spent in this place.
 D = Time resting spent in this place.
 E = Time spent auto-exploring this place.
 F = Levels seen in this place.
 G = Mean time per level.
                   A        B        C        D        E       F      G
               +--------+--------+--------+--------+--------+-----+--------+
         Total |    241 |    241 |      0 |      0 |    211 |   1 |  241.0 |
       Dungeon |    241 |    241 |      0 |      0 |    211 |   1 |  241.0 |
               +--------+--------+--------+--------+--------+-----+--------+

Top non-repeatable levels by time:
     D:1: 241 daAuts
